 Dungeon Crawl Stone Soup version 0.30-a0-840-ga523dec638 (webtiles) character file.

Game seed: 2822281562642466766

3081 bpung the Covered (level 9, -3/57 HPs)
             Began as a Gargoyle Fighter on Mar 1, 2023.
             Was a High Priest of Okawaru.
             Slain by an orc knight
             ... wielding a +0 war axe
              (6 damage)
             ... in a bailey on Mar 2, 2023.
             The game lasted 00:11:54 (4482 turns).

bpung the Covered (Gargoyle Fighter)                Turns: 4482, Time: 00:11:55

Health: -3/57      AC: 19    Str: 25    XL:     9   Next: 89%
Magic:  13/13      EV:  7    Int:  8    God:    Okawaru [*****.]
Gold:   342        SH:  5    Dex:  9    Spells: 8/8 levels left

rFire   + . .      SeeInvis .    n - +7 mace "Conservator" {pain, *Rage rF+ Stlth+}
rCold   . . .      Faith    +    c - +0 buckler
rNeg    + . .      Spirit   .    j - +0 plate armour
rPois   ∞          Reflect  .    (no helmet)
rElec   +          Harm     .    (no cloak)
rCorr   .          Rampage  .    (no gloves)
Will    .....      Rage     20%  (no boots) Stlth
                                 A - amulet of faith
HPRegen 0.29/turn                b - +4 ring of slaying
MPRegen 0.13/turn                (no ring)

@: no status effects
A: sickness immunity, AC +6, negative energy resistance 1, electricity
resistance, torment resistance 1, petrification resistance
a: Renounce Religion, Heroism, Finesse, Duel


You were in a bailey.
You worshipped Okawaru.
Okawaru was extremely pleased with you.
You visited 1 branch of the dungeon, and saw 7 of its levels.
You also visited: Bailey.

You collected 342 gold pieces.

Inventory:

Hand Weapons
 a - a +0 flail
 n - the +7 mace "Conservator" (weapon) {pain, *Rage rF+ Stlth+}
   (You found it on level 2 of the Dungeon)

   rF:        It protects you from fire.
   *Rage:     It berserks you when you make melee attacks (+20% chance).
   Stlth:     It makes you more stealthy.
Missiles
 e - 7 poisoned darts
 t - 5 boomerangs of dispersal (quivered)
 w - 6 atropa-tipped darts
Armour
 c - a +0 buckler (worn)
 j - a +0 plate armour (worn)
Jewellery
 b - a +4 ring of slaying (left hand)
 g - an amulet of magic regeneration
 m - an amulet of the acrobat
 q - a +6 ring of intelligence
 A - an amulet of faith (around neck)
Wands
 k - a wand of mindburst (21)
 r - a wand of flame (18)
 y - a wand of digging (5)
Scrolls
 h - 3 scrolls of teleportation
 l - 3 scrolls of identify
 o - a scroll of poison
 p - a scroll of torment {unknown}
 s - a scroll of acquirement {unknown}
 z - a scroll of magic mapping
 B - a scroll of fear
 C - 2 scrolls of amnesia {unknown}
Potions
 d - 2 potions of might
 f - 2 potions of lignification
 i - a potion of haste {unknown}
 u - a potion of brilliance {unknown}
 v - a potion of invisibility {unknown}
 x - a potion of resistance {unknown}
 D - 2 potions of mutation {unknown}
 E - a potion of curing {unknown}


   Skills:
 + Level 7.4 Fighting
 + Level 6.3 Maces & Flails
 + Level 7.5 Armour
 + Level 7.4 Shields
 + Level 6.0 Invocations


You had 8 spell levels left.
You didn't know any spells.
Your spell library contained the following spells:

 Spells                   Type           Power      Damage    Failure   Level
 Blink                    Tloc           0%         N/A       100%        2
 Lesser Beckoning         Tloc           0%         N/A       100%        2
 Momentum Strike          Conj/Tloc      0%         3d8       100%        2
 Ozocubu's Armour         Ice            0%         N/A       100%        3
 Metabolic Englaciation   Hex/Ice        0%         N/A       100%        5
 Eringya's Noxious Bog    Tmut/Pois      0%         N/A       100%        6
 Summon Forest            Summ/Tloc      Unusable   N/A       N/A         5
 Simulacrum               Ice/Necr       Unusable   N/A       N/A         6
 Summon Hydra             Summ           Unusable   N/A       N/A         7

Dungeon Overview and Level Annotations

Branches:
Dungeon (7/15)             Temple (0/1) D:4          Bailey (1/1)

Altars:
Hepliaklqana
Okawaru
Trog
Vehumet

Shops:
D:5 [

Annotations:
D:7 exclusion: statue


Innate Abilities, Weirdness & Mutations

You are immune to sickness and miasma.
Your stone body is resilient. (AC +6)
You are immune to poison.
You resist negative energy. (rN+)
You are resistant to electric shocks. (rElec)
You are resistant to unholy torment.
You are immune to petrification.


Message History

The orc knight hits you with a +0 war axe.
The orc barely misses you.
You hit the orc knight but do no damage.
The orc knight is lightly wounded.
The orc knight hits you with a +0 war axe!
The orc hits you with a +0 war axe.
You hit the orc knight but do no damage.
The orc knight is lightly wounded.
The orc knight hits you but does no damage.
The orc barely misses you.
You closely miss the orc knight.
The orc knight is lightly wounded.
The orc knight hits you with a +0 war axe.
The orc hits you but does no damage.
You closely miss the orc knight.
The orc knight is lightly wounded.
The orc no longer looks unusually strong.
The orc knight roars a battlecry!
The orc goes into a battle-frenzy!
The orc barely misses you.
You hit the orc knight.
The orc knight is lightly wounded.
You recover from your berserk rage.
The orc knight hits you with a +0 war axe!
* * * LOW HITPOINT WARNING * * *
The orc hits you but does no damage.
You hit the orc knight.
The orc knight is lightly wounded.
The orc knight hits you with a +0 war axe!
* * * LOW HITPOINT WARNING * * *
The orc hits you but does no damage.
You barely miss the orc knight.
The orc knight is lightly wounded.
The orc knight barely misses you. The orc barely misses you.
You barely miss the orc knight.
The orc knight is lightly wounded.
The orc knight hits you but does no damage.
The orc hits you but does no damage.
The orc knight hits you with a +0 war axe.
You die...

##........ #.........
#......... #.....⌠...
#......... .........
♣♣ ###...g....
♣♣.♣♣♣♣♣♣ ###.#o#
♣.....♣.♣###...o@###
♣.......##.........##
♣.......#...........#
........'..)........#
♣..∩.∩..'..)..⌠.....#
♣.......'..)........#
........#...........#
♣♣......##.........##
♣....♣.♣###.....###


You could see an orc knight and an orc (strong).

Vanquished Creatures
  A deep elf zephyrmancer (D:6)
  2 water moccasins (D:7)
  2 sky beasts (D:7)
  A black bear (D:7)
  An ogre (D:5)
  3 centaurs
  3 phantoms
  2 necrophages (D:6)
  A gnoll sergeant (D:6)
  3 scorpions
  4 killer bees (D:7)
  A howler monkey (D:5)
  4 jellies
  A gnoll bouda (D:6)
  2 orc priests
  7 hounds
  4 iguanas
  7 orc wizards
  13 gnolls
  8 adders
  2 river rats (D:6)
  A shadow imp (D:5)
  A white imp (D:5)
  An ufetubus (D:7)
  2 worms (D:3)
  4 dart slugs
  31 orcs
  A bat (D:3)
  10 endoplasms
  3 giant cockroaches
  7 goblins
  7 hobgoblins
  7 kobolds
  6 quokkas
  12 ball pythons
  4 frilled lizards
  6 rats
175 creatures vanquished.

Vanquished Creatures (others)
  A plant (D:6)
1 creature vanquished.

Grand Total: 176 creatures vanquished

Notes
Turn   | Place    | Note
-------+----------+-------------------------------------------
     0 | D:1      | bpung the Gargoyle Fighter began the quest for the Orb.
     0 | D:1      | Reached XP level 1. HP: 14/14 MP: 1/1
   173 | D:1      | Reached XP level 2. HP: 16/19 MP: 2/2
   286 | D:1      | You fall into a shaft and drop 1 floor!
   410 | D:2      | Reached XP level 3. HP: 23/23 MP: 3/3
   671 | D:2      | Identified the +7 mace "Conservator" {pain, *Rage rF+
                  | Stlth+}
   979 | D:3      | Reached XP level 4. HP: 29/29 MP: 4/4
  1078 | D:3      | Found an iron altar of Okawaru.
  1086 | D:3      | Became a worshipper of Warmaster Okawaru
  1268 | D:3      | Found a hazy altar of Hepliaklqana.
  1349 | D:3      | Noticed a phantom
  1359 | D:3      | Killed a phantom
  1360 | D:3      | Reached skill level 1 in Invocations
  1360 | D:3      | Reached XP level 5. HP: 33/33 MP: 5/5
  1723 | D:4      | Noticed a phantom
  1733 | D:4      | Killed a phantom
  1733 | D:4      | Reached * piety under Okawaru
  1734 | D:4      | Reached XP level 6. HP: 39/39 MP: 7/7
  1922 | D:4      | Found a staircase to the Ecumenical Temple.
  2153 | D:4      | Reached XP level 7. HP: 36/44 MP: 8/8
  2346 | D:5      | Entered Level 5 of the Dungeon
  2423 | D:5      | Reached skill level 5 in Armour
  2428 | D:5      | Reached skill level 5 in Fighting
  2428 | D:5      | Reached skill level 5 in Shields
  2497 | D:5      | Reached ** piety under Okawaru
  2816 | D:5      | Found Sikandar's Dragon-Slaying Spoils.
  2895 | D:5      | Reached XP level 8. HP: 50/50 MP: 10/10
  3106 | D:6      | Reached *** piety under Okawaru
  3416 | D:6      | Reached skill level 5 in Maces & Flails
  3566 | D:6      | Noticed a deep elf zephyrmancer
  3573 | D:6      | Killed a deep elf zephyrmancer
  3573 | D:6      | Reached **** piety under Okawaru
  3574 | D:6      | Reached skill level 5 in Invocations
  3574 | D:6      | Reached XP level 9. HP: 34/56 MP: 12/12
  3957 | D:6      | Found Aliarir's Distillery.
  4056 | D:6      | Found a bloodstained altar of Trog.
  4269 | D:7      | Reached ***** piety under Okawaru
  4359 | D:7      | Found a radiant altar of Vehumet.
  4416 | D:7      | Found a flagged portal.
  4434 | Bailey   | Entered a bailey
  4465 | Bailey   | Noticed an orc knight
  4480 | Bailey   | HP: 2/57 [orc knight/+0 war axe (7)]
  4482 | Bailey   | Slain by an orc knight

Illustrated notes

Levels and vault maps discovered:
D:1:      lightli_arrival_statuegarden, layout_rooms
D:2:      layout_basic
D:3:      layout_rooms, nzn_hepliaklqana_mist_gate, lemuel_round_altar,
          st_stairs_2
D:4:      layout_basic, temple_pool_b
D:5:      layout_basic, nicolae_shop_dragon_depot
D:6:      layout_loops_ring, kennysheep_mini, serial_shops, shop_statue,
          portal_sewer_entry_a, chequers_arboretum, guppyfry_early_elven_hall
D:7:      layout_rooms, mainiacjoe_overflow_catwalk_spiral,
          overflow_temple_1_default, vehumet_statue, enter_bailey_7
Bailey:   bailey_axe_minmay_hex_keep, bailey

Skill      XL: |  1  2  3  4  5  6  7  8  9 |
---------------+----------------------------+-----
Armour         | 4 5 6 7 |  7.5
Fighting       | 4 5 6 7 |  7.4
Shields        | 4 5 6 7 |  7.4
Maces & Flails | 3 4 5 6 |  6.3
Invocations    | 1 2 3 5 6 |  6.0

Action                     |  1- 3 |  4- 6 |  7- 9 || total
---------------------------+-------+-------+-------++-------
  Melee: Flail             |    93 |       |       ||    93
         Mace              |    13 |   109 |   215 ||   337
 Invoke: Heroism           |       |       |     1 ||     1
    Use: Scroll            |       |     7 |       ||     7
         Potion            |       |     4 |       ||     4
 Armour: Scale mail        |    37 |       |       ||    37
         Plate armour      |    19 |   107 |   140 ||   266
  Dodge: Dodged            |    43 |    44 |    93 ||   180
  Block: Buckler           |    22 |    33 |    45 ||   100

Table legend: (Time is in decaauts)
 A = Elapsed time spent in this place.
 B = Non-inter-level travel time spent in this place.
 C = Inter-level travel time spent in this place.
 D = Time resting spent in this place.
 E = Time spent auto-exploring this place.
 F = Levels seen in this place.
 G = Mean time per level.
                   A        B        C        D        E       F      G
               +--------+--------+--------+--------+--------+-----+--------+
         Total |   4898 |   4788 |    110 |    337 |   2803 |   8 |  612.2 |
       Dungeon |   4843 |   4733 |    110 |    336 |   2803 |   7 |  691.9 |
        Bailey |     54 |     54 |      0 |      1 |      0 |   1 |   54.0 |
               +--------+--------+--------+--------+--------+-----+--------+

Top non-repeatable levels by time:
     D:6: 1103 daAuts
     D:5: 904 daAuts
     D:4: 879 daAuts
     D:3: 682 daAuts
     D:2: 533 daAuts
     D:1: 444 daAuts
     D:7: 296 daAuts
  Bailey: 54 daAuts
